 Dungeon Crawl Stone Soup version 0.18.1-1-g2f07953 (webtiles) character file.

2779 Korgoth the Cleaver (level 9, 0/79 HPs)
             Began as a Hill Orc Fighter on May 9, 2016.
             Was a Believer of Beogh.
             Slain by a killer bee (2 damage)
             ... on level 7 of the Dungeon.
             The game lasted 01:17:01 (8910 turns).

Korgoth the Cleaver (Hill Orc Fighter)              Turns: 8910, Time: 01:17:01

Health: 0/79       AC:  7    Str: 22    XL:     9   Next: 70%
Magic:  9/9        EV:  6    Int:  8    God:    Beogh [**....]
Gold:   195        SH: 11    Dex: 10    Spells: 0 memorised, 8 levels left

rFire  . . .     SeeInvis .     a - +0 war axe
rCold  . . .     Gourm    .     r - +0 plate armour
rNeg   . . .     Faith    .     c - +0 shield
rPois  .         Spirit   .     (no helmet)
rElec  .         Dismiss  .     (no cloak)
rCorr  .         Reflect  .     (no gloves)
SustAt .         Harm     .     s - +0 pair of boots
MR     .....                    H - amulet of regeneration
Stlth  ..........               J - ring of flight
                                p - ring of stealth

@: lethally poisoned (0 -> -6), corroded, not resistant to hostile enchantments,
extremely unstealthy
A: no striking features
a: Smiting, Renounce Religion, Evoke Flight


You were on level 7 of the Dungeon.
You worshipped Beogh.
Beogh was pleased with you.
You were hungry.

You visited 1 branch of the dungeon, and saw 7 of its levels.
You also visited: Sewer.

You collected 247 gold pieces.
You spent 52 gold pieces at shops.

Inventory:

Hand Weapons
 a - a +0 war axe (weapon)
 n - a +0 quarterstaff
 z - a +0 scythe
 A - a +0 shortbow
 B - a cursed -3 dagger
 D - a +2 short sword of speed
 K - a +0 blowgun
 N - a +0 trident of piercing
Missiles
 e - 174 stones (quivered)
 o - 64 arrows
 v - 31 poisoned needles
 I - 2 tomahawks
Armour
 c - a +0 shield (worn)
 r - a +0 plate armour (worn)
 s - a +0 pair of boots (worn)
Jewellery
 p - a ring of stealth (left hand)
 H - an amulet of regeneration (around neck)
 J - a ring of flight (right hand)
Wands
 m - a wand of flame (14/48)
 y - a wand of flame (20/48)
Scrolls
 i - a scroll of remove curse
 j - 2 scrolls of blinking
 l - a scroll of fear
 u - 3 scrolls of identify
 x - a scroll of immolation
 E - a scroll of recharging {unknown}
 F - a scroll of fog {unknown}
Potions
 b - a potion of curing
 d - 4 potions of might
 g - a potion of lignification {unknown}
 q - a potion of beneficial mutation {unknown}
 w - a potion of cure mutation {unknown}
 G - a potion of brilliance {unknown}
Books
 C - a book of Ice

   Spells                             Type                      Level
   a - Ice Form                       Ice/Transmutation            4
   b - Metabolic Englaciation         Hexes/Ice                    5
   c - Ozocubu's Refrigeration        Ice                          6
   d - Bolt of Cold                   Conjuration/Ice              6
   e - Freezing Cloud                 Conjuration/Ice/Air          6
   f - Simulacrum                     Ice/Necromancy               6
Comestibles
 f - 4 bread rations
 h - a meat ration
 t - a beef jerky
 L - 5 fruits
 M - 5 chunks of flesh


   Skills:
 * Level 7.3 Fighting
 * Level 9.3 Axes
 + Level 0.3 Throwing
 * Level 7.3 Armour
 + Level 2.3 Dodging
 - Level 0.1 Stealth
 * Level 8.3 Shields


You had 8 spell levels left.
You didn't know any spells.

Dungeon Overview and Level Annotations

Branches:
Dungeon (7/15)
 Temple: D:4-7

Altars:
Kikubaaqudgha

Shops:
D:5 ?


Message History

* * * LOW HITPOINT WARNING * * *
You feel sick. You block the killer bee's attack.
The killer bee stings you but does no damage.
The killer bee barely misses you. The killer bee stings you.
* * * LOW HITPOINT WARNING * * *
You block the killer bee's attack. The killer bee stings you.
* * * LOW HITPOINT WARNING * * *
You are more poisoned.
The killer bee poisons you!
You feel sick. The killer bee stings you.
* * * LOW HITPOINT WARNING * * *
You are lethally poisoned!
The killer bee poisons you! You block the killer bee's attack.
The killer bee stings you but does no damage.
* * * LOW HITPOINT WARNING * * *
You feel sick. The killer bee stings you.
* * * LOW HITPOINT WARNING * * *
The killer bee stings you.
You die...

...# ... ## .# ... .#
#### #... .##>... #...
.#..# #... ...#
#.########### ..##
#....y......# #..#
#....y@.....#
##.########....y......#
(.zz......o...........#
##.########...........#
##.# #...........# ##.#
#...........# ##.#
#...........# ##.#
#.##..####### ##.# ..#
.##


You could see 3 killer bees and an orc.

Vanquished Creatures
  Grinder (D:5)
  Sigmund (D:5)
  2 orc warriors
  A sky beast (D:6)
  4 ogres
  A centaur (D:6)
  4 giant frogs
  A water moccasin zombie (D:7)
  A wyvern zombie (D:5)
  A scorpion (D:5)
  A killer bee (D:7)
  3 howler monkeys
  A crimson imp (D:6)
  A giant frog zombie (D:6)
  4 orc wizards
  2 hounds (D:5)
  4 jellies
  An orc priest (D:6)
  7 worker ants
  3 hound skeletons
  2 gnolls
  20 adders
  A shadow imp (D:5)
  A white imp (D:7)
  18 oozes
  An adder skeleton (D:5)
  5 worms
  2 dart slugs (D:1)
  13 giant geckos
  35 orcs
  8 ball pythons
  20 giant cockroaches
  14 goblins
  11 hobgoblins
  13 jackals
  4 quokkas
  7 bats
  17 giant newts
  23 kobolds
  2 quokka skeletons
  12 rats
  A plant (D:6)
274 creatures vanquished.

Vanquished Creatures (others)
  A crimson imp (D:6)
  A giant frog skeleton (D:6)
  An adder (D:6)
  An orc (D:6)
4 creatures vanquished.

Grand Total: 278 creatures vanquished

Notes
Turn   | Place    | Note
--------------------------------------------------------------
     0 | D:1      | Korgoth the Hill Orc Fighter began the quest for the Orb.
     0 | D:1      | Reached XP level 1. HP: 19/19 MP: 1/1
    47 | D:1      | Reached XP level 2. HP: 27/27 MP: 2/2
    60 | D:1      | Reached skill level 3 in Axes
   137 | D:1      | Reached XP level 3. HP: 20/33 MP: 3/3
  1328 | D:2      | Reached XP level 4. HP: 40/40 MP: 4/4
  1868 | D:2      | Reached XP level 5. HP: 38/46 MP: 5/5
  1929 | D:2      | Reached skill level 1 in Dodging
  2355 | D:3      | Found an ancient bone altar of Kikubaaqudgha.
  2374 | D:3      | Found a glowing drain.
  2401 | D:3      | Reached skill level 4 in Axes
  2429 | Sewer    | Entered a sewer
  2802 | Sewer    | Reached skill level 5 in Shields
  2838 | Sewer    | Reached XP level 6. HP: 48/52 MP: 6/6
  3164 | Sewer    | Reached skill level 5 in Axes
  3364 | D:3      | Reached XP level 7. HP: 60/60 MP: 7/7
  4557 | D:4      | Reached skill level 5 in Armour
  5048 | D:5      | Entered Level 5 of the Dungeon
  5079 | D:5      | Noticed Grinder
  5107 | D:5      | Killed Grinder
  5107 | D:5      | Reached skill level 5 in Fighting
  5107 | D:5      | Reached skill level 6 in Axes
  5107 | D:5      | Reached XP level 8. HP: 26/68 MP: 8/8
  5636 | D:5      | Noticed Sigmund
  5672 | D:5      | Killed Sigmund
  5672 | D:5      | Reached skill level 7 in Axes
  6601 | D:5      | Found Zios's Magic Scroll Shop.
  6626 | D:5      | Bought a scroll of identify for 26 gold pieces
  6626 | D:5      | Bought a scroll of identify for 26 gold pieces
  6723 | D:5      | Reached XP level 9. HP: 78/78 MP: 9/9
  6858 | D:6      | Reached skill level 8 in Axes
  7051 | D:6      | Became a worshipper of Beogh the Brigand
  7519 | D:6      | Reached * piety under Beogh
  8733 | D:7      | Reached skill level 9 in Axes
  8806 | D:7      | Reached ** piety under Beogh
  8910 | D:7      | HP: 2/79 [killer bee (2)]
  8910 | D:7      | Slain by a killer bee

Skill      XL: |  1  2  3  4  5  6  7  8  9 |
---------------+----------------------------+-----
Axes           | 3 4 5 6 7 9 |  9.3
Shields        | 4 5 6 7 8 |  8.3
Armour         | 4 5 6 7 |  7.3
Dodging        | 1 2 |  2.3
Fighting       | 4 5 6 7 |  7.3
Throwing       | |  0.3
Stealth        | |  0.1

Action                   |  1- 3 |  4- 6 |  7- 9 || total
-------------------------+-------+-------+-------++-------
Melee: War axe           |   121 |   322 |   591 ||  1034
Throw: Stone             |     2 |     6 |     3 ||    11
Invok: Convert to Beogh  |       |       |     1 ||     1
Evoke: Wand              |       |       |     1 ||     1
  Use: Scroll            |       |     1 |     7 ||     8
       Potion            |       |       |     2 ||     2
  Eat: Chunk             |     1 |     6 |     9 ||    16
       Pizza             |       |     1 |       ||     1
       Meat ration       |       |       |     2 ||     2
Armor: Scale mail        |    46 |   141 |    27 ||   214
       Plate armour      |       |       |   294 ||   294
Dodge: Dodged            |    46 |   113 |   107 ||   266
Block: Shield            |    52 |   202 |   350 ||   604
